 Dungeon Sprint DCSS version 0.30.1-6-gbe392663c4 (webtiles) character file.

Game seed: 7487184927877654205

30770 Heoruswealwe the Executioner (level 13, -6/143 HPs)
             Began as a Hill Orc Fighter on Sept 20, 2023.
             Was the Champion of the Shining One.
             Engulfed by a cloud of spectral mist (11 damage)
             ... in the Dungeon (Sprint IX: "|||||||||||||||||||||||||||||").
             The game lasted 00:35:59 (4071 turns).

Heoruswealwe the Executioner (Hill Orc Fighter)     Turns: 4071, Time: 00:36:00

Health: -6/143     AC: 25    Str: 24    XL:     13   Next: 53%
Magic:  13/13      EV: 24    Int:  8    God:    the Shining One [******]
Gold:   1715       SH:  0    Dex: 10    Spells: 12/12 levels left

rFire   + . .        b - +2 executioner's axe (elec)
rCold   + . .        (shield currently unavailable)
rNeg    + + +        c - +0 storm dragon scales
rPois   .            g - +0 helmet
rElec   +            (no cloak)
rCorr   .            f - +1 pair of gloves
SInv    .            e - +0 pair of boots
Will    .....        i - amulet of the acrobat Stlth
                     k - ring of protection from cold
HPRegen 0.43/turn    j - ring of protection from fire
MPRegen 0.13/turn

%: no teleportation, acrobat
@: acrobatic, glowing
A: no striking features
a: Renounce Religion, Divine Shield, Cleansing Flame, Summon Divine Warrior,
Brand Weapon With Holy Wrath


You were in the Dungeon.
You worshipped the Shining One.
The Shining One was exalted by your worship.
You visited 1 branch You collected 1919 gold pieces.
You spent 204 gold pieces at shops.

Inventory:

Hand Weapons
 a - a +3 broad axe
 b - a +2 executioner's axe of electrocution (weapon)
Armour
 c - +0 storm dragon scales (worn)
 d - a +0 buckler
 e - a +0 pair of boots (worn)
 f - a +1 pair of gloves (worn)
 g - a +0 helmet (worn)
Jewellery
 i - an amulet of the acrobat (around neck)
 j - a ring of protection from fire (right hand)
 k - a ring of protection from cold (left hand)
Wands
 h - a wand of quicksilver (10)
Scrolls
 l - a scroll of identify
 t - 4 scrolls of enchant armour
Potions
 m - a potion of flight


   Skills:
 + Level 21.3 Fighting
 + Level 22.8 Axes
 + Level 19.7 Armour
 + Level 19.7 Shields


You had 12 spell levels left.
You didn't know any spells.
Your spell library was empty.

Dungeon Overview and Level Annotations

Branches:
Dungeon (1/1)

Altars:
Cheibriados
Dithmenos
Elyvilon
Fedhas
Gozag
Hepliaklqana
Kikubaaqudgha
Makhleb
Nemelex Xobeh
Okawaru
Qazlal
Ru
Sif Muna
Trog
Uskayaw
Vehumet
Wu Jian
Xom
Yredelemnul
Zin
The Shining One
Beogh
Jiyva
Lugonu

Shops:
D !(*(


Message History

The spectral mist engulfs you but does no damage.
You slash the spectral anaconda!
Lightning courses through the spectral anaconda!
You destroy the spectral anaconda!
The spectral anaconda fades away!
You slash the ghost crab!
You are engulfed in spectral mist.
The alligator is engulfed in spectral mist.
The spectral bat hits you but does no damage.
The alligator is engulfed in spectral mist.
The ghost crab breathes spectral mist at you.
The spectral mist engulfs you but does no damage.
You slice the spectral bat!!
You destroy the spectral bat!
The spectral bat fades away!
You slash the ghost crab!
You are engulfed in spectral mist.
The alligator no longer looks unusually strong.
The alligator is engulfed in spectral mist.
Really walk into that cloud of spectral mist?
Okay, then.
You completely miss the ghost crab.
The ghost crab is heavily damaged.
The ghost crab barely misses you.
The ghost crab claws you but does no damage.
The alligator is engulfed in spectral mist.
You slice the ghost crab!!
The ghost crab is almost destroyed.
The alligator is engulfed in spectral mist.
The alligator dies!
The ghost crab breathes spectral mist at you.
The spectral mist engulfs you but does no damage.
You slice the ghost crab!!
You destroy the ghost crab!
The Shining One accepts your kill.
You feel better.
The spectral alligator snapping turtle fades away!
The spectral adder fades away!
You are engulfed in spectral mist.
You are engulfed in spectral mist.
* * * LOW HITPOINT WARNING * * *
You are engulfed in spectral mist.
You die...

▓▓▓▓▓▓▓▓▓▓▓▓▓▓▓▓▓♣♣♣♣♣♣♣♣♣♣
.......))÷......@☼○[..).)..
▓▓▓▓▓▓▓▓▓▓▓▓▓▓▓▓▓♣♣♣♣♣♣♣♣♣♣▓▓▓▓▓▓
.................................
▓▓▓▓▓▓▓▓▓▓▓▓▓▓▓▓▓▓▓▓▓▓▓▓▓▓▓▓▓▓▓▓▓
†'[..=[.))))).).[[[[[[[[...!...)?
▓▓▓▓▓▓▓▓▓▓▓▓▓▓▓▓▓▓▓▓▓▓▓▓▓▓▓▓▓▓▓▓▓
.................................
▓▓▓▓▓▓▓▓▓▓▓▓▓▓▓▓▓▓▓▓▓▓▓▓▓▓▓▓▓▓▓▓▓
.....)))))).).)....)[))).)......'


There were no monsters in sight!

Vanquished Creatures
  Gastronok (D)
  A frost giant (D)
  A stone giant (D)
  2 fire dragons (D)
  A salamander tyrant (D)
  3 ice dragons (D)
  5 hydras (D)
  A ghost crab (D)
  An alligator (D)
  2 centaur warriors (D)
  3 boulder beetles (D)
  2 two-headed ogres (D)
  A shock serpent (D)
  A naga sharpshooter (D)
  A skyshark (D)
  A glowing orange brain (D)
  A swamp dragon (D)
  2 naga ritualists (D)
  9 orc knights (D)
  A deep elf pyromancer (D)
  A cyclops (D)
  2 ugly things (D)
  A lindwurm (D)
  2 will-o-the-wisps (D)
  3 black mambas (D)
  2 guardian serpents (D)
  A gargoyle (D)
  A cane toad (D)
  3 komodo dragons (D)
  2 polar bears (D)
  2 tyrant leeches (D)
  A wraith (D)
  2 yaks (D)
  A wyvern (D)
  2 basilisks (D)
  A redback (D)
  3 water moccasins (D)
  15 orc warriors (D)
  A black bear (D)
  A scorpion (D)
  A howler monkey (D)
  A hound (D)
  4 orc priests (D)
  A jelly (D)
  5 orc wizards (D)
  An adder (D)
  5 worms (D)
  7 orcs (D)
  An endoplasm (D)
  A hobgoblin (D)
  A ball python (D)
  A bat (D)
  A frilled lizard (D)
117 creatures vanquished.

Vanquished Creatures (others)
  An alligator (D)
  A spriggan druid (D)
  A will-o-the-wisp (D)
  A hornet (D)
  A spriggan (D)
  A foxfire (D)
6 creatures vanquished.

Grand Total: 123 creatures vanquished

Notes
Turn   | Place    | Note
-------+----------+-------------------------------------------
     0 | D        | Heoruswealwe the Hill Orc Fighter began the quest for the
                  | Orb.
     0 | D        | Reached XP level 1. HP: 19/19 MP: 1/1
     7 | D        | Reached skill level 3 in Axes
    25 | D        | Noticed a hound
    25 | D        | Noticed a scorpion
    25 | D        | Noticed a jelly
    29 | D        | Killed a hound
    30 | D        | Reached skill level 5 in Fighting
    30 | D        | Reached skill level 4 in Axes
    30 | D        | Reached XP level 2. HP: 29/29 MP: 2/2
    30 | D        | Reached XP level 3. HP: 36/36 MP: 3/3
    31 | D        | Killed a scorpion
    32 | D        | Reached skill level 6 in Axes
    32 | D        | Reached skill level 5 in Armour
    32 | D        | Reached skill level 5 in Shields
    32 | D        | Reached XP level 4. HP: 44/44 MP: 4/4
    36 | D        | Reached XP level 5. HP: 51/51 MP: 5/5
    65 | D        | Found a roughly hewn altar of Beogh.
    65 | D        | Found a snail-covered altar of Cheibriados.
    65 | D        | Found a shadowy altar of Dithmenos.
    65 | D        | Found a white marble altar of Elyvilon.
    65 | D        | Found a blossoming altar of Fedhas.
    65 | D        | Found an opulent altar of Gozag.
    66 | D        | Found a hazy altar of Hepliaklqana.
    67 | D        | Found a viscous altar of Jiyva.
    68 | D        | Found an ancient bone altar of Kikubaaqudgha.
    69 | D        | Found a corrupted altar of Lugonu.
    70 | D        | Found a burning altar of Makhleb.
    71 | D        | Found a sparkling altar of Nemelex Xobeh.
    72 | D        | Found an iron altar of Okawaru.
    73 | D        | Found a stormy altar of Qazlal.
    74 | D        | Found a sacrificial altar of Ru.
    75 | D        | Found a shimmering blue altar of Sif Muna.
    76 | D        | Found a bloodstained altar of Trog.
    77 | D        | Found a hide-covered altar of Uskayaw.
    78 | D        | Found a radiant altar of Vehumet.
    79 | D        | Found an ornate altar of the Wu Jian Council.
    80 | D        | Found a shimmering altar of Xom.
    81 | D        | Found a basalt altar of Yredelemnul.
    82 | D        | Found a glowing silver altar of Zin.
    83 | D        | Found a glowing golden altar of the Shining One.
    91 | D        | Became a worshipper of the Shining One
   134 | D        | Noticed a gargoyle
   134 | D        | Noticed a two-headed ogre
   134 | D        | Noticed a two-headed ogre
   134 | D        | Noticed a yak
   134 | D        | Reached * piety under the Shining One
   134 | D        | Noticed a wyvern
   142 | D        | Killed a gargoyle
   143 | D        | Reached skill level 9 in Axes
   143 | D        | Reached XP level 6. HP: 36/63 MP: 6/6
   146 | D        | Killed a two-headed ogre
   147 | D        | Reached skill level 11 in Axes
   147 | D        | Reached skill level 10 in Armour
   147 | D        | Reached skill level 10 in Shields
   147 | D        | Reached XP level 7. HP: 36/74 MP: 7/7
   147 | D        | Reached XP level 8. HP: 40/82 MP: 8/8
   150 | D        | Killed a two-headed ogre
   151 | D        | Reached skill level 12 in Axes
   152 | D        | Killed a yak
   153 | D        | Reached skill level 13 in Axes
   153 | D        | Reached XP level 9. HP: 62/90 MP: 9/9
   166 | D        | Noticed a centaur warrior
   166 | D        | Reached ** piety under the Shining One
   166 | D        | Noticed a boulder beetle
   166 | D        | Noticed a centaur warrior
   170 | D        | Reached *** piety under the Shining One
   175 | D        | Killed a centaur warrior
   176 | D        | Reached skill level 14 in Axes
   184 | D        | Killed a boulder beetle
   185 | D        | Reached XP level 10. HP: 32/103 MP: 10/10
   190 | D        | Killed a centaur warrior
   191 | D        | Reached skill level 15 in Axes
   417 | D        | Noticed a cane toad
   418 | D        | Noticed an eight-headed hydra
   418 | D        | Reached **** piety under the Shining One
   430 | D        | Noticed a six-headed hydra
   437 | D        | Killed a 12-headed hydra
   438 | D        | Reached skill level 15 in Fighting
   438 | D        | Reached skill level 16 in Axes
   441 | D        | Killed a cane toad
   448 | D        | Killed an 11-headed hydra
   453 | D        | Reached XP level 11. HP: 34/114 MP: 11/11
   681 | D        | Noticed a seven-headed hydra
   681 | D        | Noticed a skyshark
   681 | D        | Reached ***** piety under the Shining One
   693 | D        | Killed a 15-headed hydra
   694 | D        | Reached skill level 17 in Axes
   699 | D        | Reached skill level 15 in Armour
   699 | D        | Reached skill level 15 in Shields
   699 | D        | Noticed a boulder beetle
   707 | D        | Killed a skyshark
   752 | D        | Killed a boulder beetle
   753 | D        | Reached skill level 18 in Axes
   909 | D        | Noticed a lindwurm
   920 | D        | Killed a lindwurm
   935 | D        | Reached ****** piety under the Shining One
  1258 | D        | Noticed an orc knight
  1282 | D        | Killed an orc knight
  1453 | D        | Found Fisith's Distillery.
  1453 | D        | Noticed an orc knight
  1453 | D        | Noticed an orc knight
  1454 | D        | Noticed an orc knight
  1457 | D        | Killed an orc knight
  1458 | D        | Reached skill level 19 in Axes
  1462 | D        | Killed an orc knight
  1464 | D        | Found Anecots's Weapon Shoppe.
  1464 | D        | Noticed an orc knight
  1465 | D        | Noticed an orc knight
  1469 | D        | Killed an orc knight
  1470 | D        | Reached XP level 12. HP: 72/127 MP: 12/12
  1497 | D        | Found Ituifeleutt's General Store.
  1796 | D        | Found Anag's Weapon Shoppe.
  2014 | D        | Bought 2 potions of curing for 72 gold pieces
  2014 | D        | Bought a potion of flight for 36 gold pieces
  2014 | D        | Bought a potion of heal wounds for 60 gold pieces
  2014 | D        | Bought a potion of curing for 36 gold pieces
  2046 | D        | Noticed Gastronok
  2060 | D        | Killed Gastronok
  2061 | D        | Reached skill level 20 in Axes
  2294 | D        | Noticed a seven-headed hydra
  2294 | D        | Noticed a boulder beetle
  2294 | D        | Noticed a fire dragon
  2295 | D        | Noticed a fire dragon
  2304 | D        | Noticed a seven-headed hydra
  2308 | D        | Noticed a stone giant
  2315 | D        | HP: 1/130 [12-headed hydra (6)]
  2636 | D        | Killed a boulder beetle
  2641 | D        | Killed a 16-headed hydra
  2644 | D        | Killed a fire dragon
  2650 | D        | Killed a fire dragon
  2651 | D        | Reached skill level 21 in Axes
  2977 | D        | Killed a ten-headed hydra
  2982 | D        | Killed a stone giant
  3081 | D        | Noticed an ice dragon
  3085 | D        | Noticed a frost giant
  3090 | D        | Killed an ice dragon
  3096 | D        | Killed a frost giant
  3097 | D        | Reached XP level 13. HP: 31/139 MP: 13/13
  3348 | D        | Noticed an ice dragon
  3354 | D        | Killed an ice dragon
  3542 | D        | Noticed an ice dragon
  3549 | D        | Killed an ice dragon
  3661 | D        | Reached skill level 22 in Axes
  3705 | D        | HP: 7/143 [poisoned by a guardian serpent (bolt of poison)]
  4063 | D        | HP: 1/143 [ghost crab] (7)]
  4070 | D        | HP: 4/143 [something (8)]
  4071 | D        | Engulfed by a cloud of spectral mist

Illustrated notes

Levels and vault maps discovered:
D:        linesprint [early_d, line_temple, items_1, d_10, items_2, lair_1,
          lair_end, items_3, orc_1, orc_end, items_4, d_15, swamp_1, shoals_1,
          snake_1, spider_1, d_20, vaults_1, items_5, swamp_end, shoals_end,
          snake_end, spider_end, vaults_end, d_27, items_6, zot_1, zot_end,
          crypt_end, forest_end, elf_end, slime_end, tomb_end, abyss_end,
          pan_hell_end]

Skill      XL: |  1  2  3  4  5  6  7  8  9 10 11 12 13 |
---------------+----------------------------------------+-----
Axes           | 4 6 9 11 13 14 16 19 21 22 | 22.8
Fighting       | 5 6 9 11 12 14 15 18 20 21 | 21.3
Armour         | 4 5 6 8 10 11 12 14 16 18 19 | 19.7
Shields        | 4 5 6 8 10 11 12 14 16 18 19 | 19.7

Action                     |  1- 3 |  4- 6 |  7- 9 | 10-12 | 13-15 || total
---------------------------+-------+-------+-------+-------+-------++-------
  Melee: War axe           |    19 |    12 |    26 |   220 |       ||   277
         Battleaxe         |       |       |       |    60 |       ||    60
         Executioner's axe |       |       |       |    49 |    77 ||   126
    Use: Potion            |     1 |     3 |     1 |    12 |     9 ||    26
         Scroll            |       |       |       |     5 |       ||     5
 Armour: Scale mail        |    11 |       |       |       |       ||    11
         Chain mail        |       |       |     8 |    56 |       ||    64
         Plate armour      |       |       |       |     5 |       ||     5
         Storm dragon scal |       |       |       |    72 |    55 ||   127
  Dodge: Dodged            |    11 |     1 |     2 |    98 |    34 ||   146
  Block: Buckler           |     5 |     4 |     1 |    44 |       ||    54
